 Dungeon Crawl Stone Soup version 0.19.3-4-gbf9329e (webtiles) character file.

81 ChocoTaco the Chopper (level 4, -1/40 HPs)
             Began as a Hill Orc Monk on Jan 28, 2017.
             Was a Believer of Makhleb.
             Slain by a gnoll
             ... wielding a +0 whip
              (6 damage)
             ... on level 2 of the Dungeon.
             The game lasted 00:01:42 (1472 turns).

ChocoTaco the Chopper (Hill Orc Monk)               Turns: 1472, Time: 00:01:43

Health: -1/40      AC:  9    Str: 14    XL:     4   Next: 40%
Magic:  4/4        EV:  7    Int: 10    God:    Makhleb [**....]
Gold:   135        SH:  0    Dex: 13    Spells: 0 memorised, 3 levels left

rFire  . . .     SeeInvis .     a - +0 hand axe
rCold  . . .     Gourm    .     e - +0 chain mail
rNeg   . . .     Faith    .     (no shield)
rPois  .         Spirit   .     j - +0 helmet
rElec  .         Reflect  .     (no cloak)
rCorr  .         Harm     .     (no gloves)
MR     .....                    (no boots)
Stlth  ..........               (no amulet)
                                (no ring)
                                (no ring)

@: no status effects
A: no striking features
a: Minor Destruction, Renounce Religion


You were on level 2 of the Dungeon.
You worshipped Makhleb.
Makhleb was pleased with you.
You were not hungry.

You visited 1 branch of the dungeon, and saw 2 of its levels.

You collected 135 gold pieces.

Inventory:

Hand Weapons
 a - a +0 hand axe (weapon)
Armour
 e - a +0 chain mail (worn)
 j - a +0 helmet (worn)
Scrolls
 f - a scroll of teleportation {unknown}
 g - a scroll of enchant armour {unknown}
 k - a scroll of identify {unknown}
Potions
 h - 2 potions of mutation {unknown}
Comestibles
 c - a bread ration
 d - 4 chunks of flesh
 i - a slice of pizza


   Skills:
 - Level 4.2 Fighting
 + Level 5.0 Axes
 - Level 3.0 Dodging
 - Level 2.1 Stealth
 + Level 1.0 Invocations


You had 3 spell levels left.
You didn't know any spells.

Dungeon Overview and Level Annotations

Branches:
Dungeon (2/15)

Altars:
Makhleb


Message History

The leopard gecko bites you but does no damage.
The gnoll hits you but does no damage. The gnoll hits you with a flail.
You barely miss the gnoll.
The gnoll is severely wounded.
You hit the gnoll. x2; You miss the leopard gecko.
The gnoll hits you but does no damage. The leopard gecko barely misses you.
The gnoll barely misses you. The gnoll hits you but does no damage.
You hit the gnoll.
The gnoll is almost dead.
You miss the leopard gecko. You hit the gnoll.
You kill the gnoll!
Makhleb accepts your kill.
Your Axes skill increases to level 5!
Your Invocations skill increases to level 1!
You hit the gnoll. The gnoll hits you with a flail!
* * * LOW HITPOINT WARNING * * *
The leopard gecko bites you.
* * * LOW HITPOINT WARNING * * *
The gnoll hits you with a whip.
You die...

#### ###### ##...
...... .######## ##....
###... .........
###..... .#......#
........ ........#
###..... #.w?.gK#
##....
#...g@##############...
#>#.l†.............##..
#..#############.....
#.. ####.) #.. #[# ##.
###.# ) .. #..). # #.
#.#.# # #.#.#


You could see 2 gnolls, a dart slug, a leopard gecko and a kobold.

Vanquished Creatures
  Jessica (D:2)
  A gnoll (D:2)
  A worm (D:2)
  2 ball pythons
  2 giant cockroaches (D:2)
  6 goblins
  5 hobgoblins
  4 jackals (D:1)
  6 bats
  2 frilled lizards
  3 kobolds (D:2)
  6 rats
39 creatures vanquished.

Notes
Turn   | Place    | Note
-------+----------+-------------------------------------------
     0 | D:1      | ChocoTaco the Hill Orc Monk began the quest for the Orb.
     0 | D:1      | Reached XP level 1. HP: 19/19 MP: 1/1
    72 | D:1      | Reached XP level 2. HP: 16/27 MP: 2/2
  1060 | D:2      | Reached XP level 3. HP: 33/33 MP: 3/3
  1347 | D:2      | Found a burning altar of Makhleb.
  1347 | D:2      | Noticed a blizzard demon
  1351 | D:2      | Noticed a neqoxec
  1351 | D:2      | Noticed an orange demon
  1353 | D:2      | Became a worshipper of Makhleb the Destroyer
  1353 | D:2      | Reached * piety under Makhleb
  1353 | D:2      | Reached ** piety under Makhleb
  1420 | D:2      | Noticed Jessica
  1426 | D:2      | Killed Jessica
  1426 | D:2      | Reached XP level 4. HP: 40/40 MP: 4/4
  1472 | D:2      | Reached skill level 5 in Axes
  1472 | D:2      | Reached skill level 1 in Invocations
  1472 | D:2      | Slain by a gnoll

Skill      XL: |  1  2  3  4 |
---------------+-------------+-----
Fighting       | 4 |  4.2
Dodging        | 3 |  3.0
Stealth        | 2 |  2.1
Axes           | 5 |  5.0
Invocations    | 1 |  1.0

Action                   |  1- 3 |  4- 6 || total
-------------------------+-------+-------++-------
Melee: Hand axe          |   122 |     9 ||   131
 Stab: Sleeping          |     2 |       ||     2
  Eat: Chunk             |     2 |       ||     2
Armor: Robe              |    16 |       ||    16
       Chain mail        |    53 |    14 ||    67
Dodge: Dodged            |    61 |     9 ||    70
